 Dungeon Crawl Stone Soup version 0.31-a0-233-g139696dc86 (webtiles) character file.

Game seed: 1912382340861669332

309 qw the Shooter (level 6, -10/36 HPs)
             Began as a Gargoyle Hexslinger on July 8, 2023.
             Mangled by an orc warrior
             ... wielding a +0 morningstar
              (13 damage)
             ... on level 4 of the Dungeon.
             The game lasted 00:01:00 (2268 turns).

qw the Shooter (Gargoyle Hexslinger)                Turns: 2268, Time: 00:01:00

Health: -10/36     AC: 12    Str: 11    XL:     6   Next: 41%
Magic:  2/2        EV: 10    Int: 14    God:
Gold:   195        SH:  0    Dex: 14    Spells: 6/7 levels left

rFire   + . .        Y - +3 sling (antimagic)
rCold   . . .        (no shield)
rNeg    + . .        e - +1 ring mail {Will+}
rPois   inf          (no helmet)
rElec   +            i - +1 cloak
rCorr   .            (no gloves)
SInv    .            (no boots)
Will    +....        (no amulet)
Stlth   +            g - ring of protection from fire
HPRegen 0.26/turn    (no ring)
MPRegen 0.08/turn

%: no passive effects
@: about to teleport
A: sickness immunity, AC +4, negative energy resistance 1, electricity
resistance, torment resistance 1, petrification resistance
a: no special abilities


You were on level 4 of the Dungeon.
You visited 1 branch of the dungeon, and saw 4 of its levels.

You collected 195 gold pieces.


Innate Abilities, Weirdness & Mutations

You are immune to sickness and miasma.
Your stone body is resilient. (AC +4)
You are immune to poison.
You resist negative energy. (rN+)
You are resistant to electric shocks. (rElec)
You are resistant to unholy torment.
You are immune to petrification.


   Skills:
 + Level 2.8 Fighting
 - Level 5.9 Ranged Weapons
 - Level 1.0 Armour
 - Level 1.5 Dodging
 - Level 1.0 Spellcasting
 - Level 2.6 Hexes


You had 6 spell levels left.
You knew the following spells:

 Your Spells              Type           Power      Damage    Failure   Level
a - Slow                  Hex            32%        N/A       21%         1

Your spell library contained the following spells:

 Spells                   Type           Power      Damage    Failure   Level
 Inner Flame              Hex/Fire       4%         N/A       71%         3
 Portal Projectile        Hex/Tloc       8%         N/A       71%         3
 Cause Fear               Hex            4%         N/A       90%         4

Inventory:

Hand Weapons
 Y - a +3 antimagic sling (weapon)
Armour
 e - a +1 ring mail of willpower (worn)
 i - a +1 cloak (worn)
Jewellery
 g - a ring of protection from fire (left hand)
Scrolls
 a - a scroll of teleportation
Potions
 c - a potion of lignification {unknown}
 f - a potion of curing {unknown}

Dungeon Overview and Level Annotations

Branches:
Dungeon (4/15)
 Temple: D:4-7

Altars:

Annotations:
D:3 1 runed translucent door, Crazy Yiuf


Message History

An orc warrior, an orc priest and 2 orcs come into view.
An orc is wielding a +2 whip of electrocution.
The orc warrior shouts!
The orc priest shouts!
The orc shouts! x2
You hear a shout!
The orc moves out of view.
An orc wizard comes into view.
It is wielding a +2 dagger of holy wrath.
You shoot a sling bullet. The sling bullet hits the orc!
You kill the orc!
2260 ||| Stepping ~*~*~tactically~*~*~ (outnumbered).
Something unseen opens the door.
The orc warrior barely misses you.
You shoot a sling bullet.
The sling bullet hits the orc warrior but does no damage.
You shoot a sling bullet.
The sling bullet hits the orc warrior but does no damage.
The orc warrior barely misses you.
You shoot a sling bullet.
The sling bullet closely misses the orc warrior.
The orc priest hits you but does no damage.
The orc warrior hits you with a +0 morningstar!
The orc priest completely misses you. The orc warrior barely misses you.
You shoot a sling bullet.
The sling bullet closely misses the orc warrior.
The orc priest hits you with a +0 flail!
The orc warrior closely misses you.
You shoot a sling bullet.
The sling bullet hits the orc warrior but does no damage.
The orc warrior barely misses you.
The orc priest mumbles some strange prayers to Beogh against you.
Beogh smites you!
2267 ||| READING 2 scrolls of teleportation.
As you read the scroll of teleportation, it crumbles to dust.
You feel strangely unstable. The orc priest closely misses you.
The orc warrior hits you but does no damage.
You shoot a sling bullet.
The sling bullet hits the orc warrior but does no damage.
The orc priest barely misses you.
The orc warrior hits you with a +0 morningstar!
You die...

.....
###########.....
.................
<.................
...................
.........).........
.................#
.................#
+###'###@........#
#...ooo........#
#...o#.........#
#....#...<.....#
#... #.........#
#... #.........#
### #.........#
#.........#
#.........#


You could see an orc warrior, an orc priest, an orc wizard and an orc.

Vanquished Creatures
  Sigmund (D:3)
  Natasha (D:2)
  5 adders
  A worm (D:2)
  4 orcs
  6 bats
  6 endoplasms
  A giant cockroach (D:2)
  6 goblins
  4 hobgoblins
  3 jackals (D:1)
  6 kobolds
  4 quokkas
  7 ball pythons
  4 frilled lizards
  4 rats
63 creatures vanquished.

Notes
Turn   | Place    | Note
-------+----------+-------------------------------------------
     0 | D:1      | qw the Gargoyle Hexslinger began the quest for the Orb.
     0 | D:1      | Reached XP level 1. HP: 12/12 MP: 2/2
     0 | D:1      | 0 ||| qw: Version: 0.3-a-46-gb1f654a
     0 | D:1      | 0 ||| qw: Game counter: 3592
     0 | D:1      | 0 ||| qw: Melee chars always use a shield: true
     0 | D:1      | 0 ||| qw: God list: Okawaru
     0 | D:1      | 0 ||| qw: Allow faded altars: false
     0 | D:1      | 0 ||| qw: Do Orc after clearing Dungeon:15 true
     0 | D:1      | 0 ||| qw: Do second Lair branch before Depths: true
     0 | D:1      | 0 ||| qw: Lair rune preference: random
     0 | D:1      | 0 ||| qw: Goals: Normal
     0 | D:1      | 0 ||| PLANNING D:1-11
   175 | D:1      | Reached XP level 2. HP: 16/16 MP: 3/3
   246 | D:1      | Reached skill level 3 in Ranged Weapons
   760 | D:1      | 760 ||| UPGRADING to +1 ring mail of willpower.
   770 | D:1      | 770 ||| DROPPING +0 robe.
   771 | D:1      | 771 ||| READING 2 scrolls labelled KOS YZEL ISCH.
   774 | D:1      | 774 ||| READING 2 scrolls labelled UZOTAM WISA.
   775 | D:1      | 775 ||| READING scroll labelled NIWIJO BUAFF.
   776 | D:1      | 776 ||| READING scroll labelled ORADIQ SAEXKEC.
   777 | D:1      | 777 ||| DROPPING scroll of poison.
   790 | D:2      | Reached XP level 3. HP: 21/21 MP: 4/4
   877 | D:2      | Found a faded altar of an unknown god.
   984 | D:2      | 984 ||| SWAPPING to +2 antimagic sling.
   985 | D:2      | 985 ||| DROPPING +1 sling.
  1241 | D:2      | Noticed Natasha
  1254 | D:2      | Killed Natasha
  1255 | D:2      | Reached XP level 4. HP: 17/26 MP: 1/5
  1348 | D:2      | Reached skill level 4 in Ranged Weapons
  1442 | D:2      | Reached skill level 1 in Armour
  1524 | D:2      | 1524 ||| UPGRADING to +0 cloak.
  1529 | D:2      | 1529 ||| READING scroll of enchant armour.
  1529 | D:2      | 1529 ||| ENCHANTING +0 cloak.
  1530 | D:2      | 1530 ||| READING scroll labelled ZEAGOY FOBEU.
  1531 | D:2      | 1531 ||| READING scroll labelled COACKY OHIPPAT.
  1532 | D:2      | 1532 ||| READING scroll labelled YCHADA RAEXUKH.
  1598 | D:3      | Noticed Sigmund
  1621 | D:3      | Killed Sigmund
  1622 | D:3      | Reached skill level 5 in Ranged Weapons
  1622 | D:3      | Reached XP level 5. HP: 9/30 MP: 2/6
  1622 | D:3      | Reached XP level 6. HP: 11/35 MP: 2/7
  1848 | D:3      | Found a runed translucent door.
  1849 | D:3      | Noticed Crazy Yiuf
  2216 | D:3      | 2216 ||| UPGRADING to ring of protection from fire.
  2217 | D:3      | 2217 ||| READING scroll labelled OFEOKHLOLEOWOA.
  2218 | D:3      | 2218 ||| READING scroll labelled YHOIREOXYNNE.
  2258 | D:4      | Noticed an orc warrior
  2260 | D:4      | 2260 ||| Stepping ~*~*~tactically~*~*~ (outnumbered).
  2266 | D:4      | HP: 3/36 [orc priest/divine providence (14)]
  2267 | D:4      | 2267 ||| READING 2 scrolls of teleportation.
  2268 | D:4      | Mangled by an orc warrior

Levels and vault maps discovered:
D:1:      tarquinn_simple_flora_water_f, layout_loops_ring
D:2:      layout_loops_ring, ebering_ecumenical_altar_petrified, uniq_natasha
D:3:      minmay_octagon_keep, layout_rooms, kennysheep_generic_room_4,
          uniq_sigmund, uniq_crazy_yiuf_cottage
D:4:      layout_gridville, minmay_misc_feat_pillars, minmay_checkerbox

Skill      XL: |  1  2  3  4 |
---------------+-------------+-----
Ranged Weapons | 3 5 |  5.9
Fighting       | 2 |  2.8
Armour         | 1 |  1.0
Dodging        | |  1.5
Spellcasting   | |  1.0
Hexes          | |  2.6

Action                     |  1- 3 |  4- 6 || total
---------------------------+-------+-------++-------
   Fire: Sling             |   146 |   109 ||   255
    Use: Scroll            |     4 |     7 ||    11
 Armour: Robe              |    25 |       ||    25
         Ring mail         |    24 |    50 ||    74
  Dodge: Dodged            |    79 |    54 ||   133

Table legend:
 A = Non-vault XP
 B = Vault XP
 C = Vault XP percentage of total XP
 D = Non-vault monster count
 E = Vault monster count
 F = Vault count percentage of total count
                 A         B        C        D         E       F
            +---------+---------+-------+---------+---------+-------
      Total |     100 |     342 |  77.4 |      50 |      13 |  20.6
            +---------+---------+-------+---------+---------+-------
        D:1 |      33 |       0 |   0.0 |      20 |       0 |   0.0
        D:2 |      45 |      35 |  43.8 |      20 |       1 |   4.8
        D:3 |      19 |     307 |  94.2 |       9 |      12 |  57.1
        D:4 |       3 |       0 |   0.0 |       1 |       0 |   0.0
            +---------+---------+-------+---------+---------+-------
